 Dungeon Crawl Stone Soup version 0.22-a0-362-g535178c (webtiles) character file.

141 inmateoo the Digger (level 5, 0/38 HPs)
             Began as a Human Earth Elementalist on Apr 20, 2018.
             Slain by Grinder (6 damage)
             ... while paralysed by Grinder
             ... on level 3 of the Dungeon.
             The game lasted 00:03:10 (2787 turns).

inmateoo the Digger (Human Earth Elementalist)      Turns: 2787, Time: 00:03:10

Health: 0/38       AC:  2    Str:  9    XL:     5   Next: 48%
Magic:  6/9        EV:  2    Int: 20    God:
Gold:   168        SH:  0    Dex: 13    Spells: 3/9 levels left

rFire    . . .     SeeInvis .   o - +0 whip (venom)
rCold    . . .     Gourm    .   (no shield)
rNeg     . . .     Faith    .   c - +0 robe
rPois    .         Spirit   .   (no helmet)
rElec    .         Reflect  .   (no cloak)
rCorr    .         Harm     .   (no gloves)
MR       .....                  (no boots)
Stlth    ++........             (no amulet)
HPRegen  0.12/turn              f - +4 ring of intelligence
MPRegen  0.11/turn              (no ring)

@: paralysed
A: no striking features
a: no special abilities


You were on level 3 of the Dungeon.
You were not hungry.

You visited 1 branch of the dungeon, and saw 3 of its levels.

You collected 168 gold pieces.

Inventory:

Hand Weapons
 o - a +0 whip of venom (weapon)
Missiles
 b - 105 stones (quivered)
Armour
 c - a +0 robe (worn)
Jewellery
 f - a +4 ring of intelligence (left hand)
Scrolls
 g - a scroll of remove curse
 i - a scroll of teleportation
 l - a scroll of amnesia {unknown}
Potions
 a - 2 potions of magic {unknown}
 e - a potion of curing {unknown}
 h - a potion of heal wounds {unknown}
 j - 2 potions of lignification {unknown}
 k - a potion of berserk rage {unknown}
 n - 2 potions of flight {unknown}
 p - a potion of invisibility {unknown}
Comestibles
 d - 2 rations
 m - 2 chunks of flesh


   Skills:
 + Level 2.1 Fighting
 - Level 2.0 Dodging
 - Level 2.0 Stealth
 + Level 2.9 Spellcasting
 - Level 1.0 Transmutations
 * Level 4.5 Earth Magic


You had 3 spell levels left.
You knew the following spells:

 Your Spells              Type           Power        Failure   Level  Hunger
a - Sandblast             Erth           ###...       2%          1    None
b - Passwall              Tmut/Erth      ##........   7%          2    ##.....
c - Stone Arrow           Conj/Erth      ##....       17%         3    ###....


Dungeon Overview and Level Annotations

Branches:
Dungeon (3/15)

Altars:

Annotations:
D:3 Grinder


Message History

Aim: Grinder (lightly wounded)
The blast of sand misses Grinder.
b - 106 stones Grinder hits you.
Casting: Sandblast (safe; 2% risk of failure)
Confirm with . or Enter, or press ? or * to list all spells.
Aiming: Sandblast (safe; 2% risk of failure)
Press: ? - help, Shift-Dir - straight line, f/p - Grinder
Aim: Grinder (lightly wounded)
The blast of sand misses Grinder.
b - 105 stones Grinder gestures at you.
You suddenly lose the ability to move!
Grinder hits you.
You writhe in agony.
Grinder hits you!
* * * LOW HITPOINT WARNING * * *
You writhe in agony.
* * * LOW HITPOINT WARNING * * *
Grinder hits you.
You die...

... #.##.. ........ #.#.....
.......# #.#.#..# ###### #
#.#)##.# .#######.#.. ..
#.#.##.# ......5@.#.####(..
#.#.##.# ########.#.......
#.#รท##.#####...........#.#.
...........................
..#.##..####......#.####.#
###.##..# #......#.#
#.##..####.####.#.#
#....)...#.#.##.#.#
######.#.#.#.#....#.#


You could see Grinder.

Vanquished Creatures
  Jessica (D:2)
  4 adders
  An ooze (D:3)
  2 worms
  5 dart slugs
  A leopard gecko (D:2)
  An orc (D:3)
  2 giant cockroaches
  5 goblins
  4 hobgoblins (D:1)
  3 jackals (D:3)
  A quokka (D:2)
  A ball python (D:1)
  12 bats
  3 frilled lizards
  10 kobolds
  7 rats
63 creatures vanquished.

Notes
Turn   | Place    | Note
-------+----------+-------------------------------------------
     0 | D:1      | inmateoo the Human Earth Elementalist began the quest for the Orb.
     0 | D:1      | Reached XP level 1. HP: 13/13 MP: 3/3
   203 | D:1      | Reached XP level 2. HP: 20/20 MP: 5/5
   852 | D:1      | Reached skill level 1 in Fighting
   852 | D:1      | Reached XP level 3. HP: 16/26 MP: 3/6
  1052 | D:1      | Learned a level 2 spell: Passwall
  1056 | D:1      | Learned a level 3 spell: Stone Arrow
  1475 | D:2      | Noticed Jessica
  1478 | D:2      | Killed Jessica
  1478 | D:2      | Reached skill level 4 in Earth Magic
  1478 | D:2      | Reached XP level 4. HP: 32/32 MP: 7/7
  1849 | D:2      | Reached XP level 5. HP: 28/38 MP: 6/9
  2779 | D:3      | Noticed Grinder
  2784 | D:3      | Paralysed by Grinder for 6 turns
  2787 | D:3      | Slain by Grinder

Vault maps used:
D:1:      mrwooster_arrival_arrow, serial_park_tiny_1, minmay_shallow_snake_nest
D:2:      uniq_jessica
D:3:      first_ration, uniq_grinder

Skill      XL: |  1  2  3  4  5 |
---------------+----------------+-----
Fighting       | 1 2 |  2.1
Earth Magic    | 4 |  4.5
Dodging        | |  2.0
Stealth        | |  2.0
Spellcasting   | |  2.9
Transmutations | |  1.0

Action                   |  1- 3 |  4- 6 || total
-------------------------+-------+-------++-------
Melee: Mace              |    78 |    20 ||    98
       Whip              |       |    52 ||    52
 Cast: Sandblast         |    21 |    17 ||    38
  Use: Scroll            |       |     4 ||     4
 Stab: Sleeping          |     3 |     4 ||     7
  Eat: Chunk             |     2 |     4 ||     6
Armor: Robe              |    27 |    25 ||    52
Dodge: Dodged            |    98 |    74 ||   172

Table legend:
 A = Spawn XP
 B = Non-spawn XP
 C = Spawn XP percentage of total XP
 D = Spawn monster count
 E = Non-spawn monster count
 F = Spawn count percentage of total count
 G = Total turns spent on level
                    A         B        C        D         E        F      G
               +---------+---------+-------+---------+---------+-------+---------
         Total |       0 |     202 |   0.0 |       0 |      63 |   0.0 |  2787
               +---------+---------+-------+---------+---------+-------+---------
           D:1 |       0 |      56 |   0.0 |       0 |      26 |   0.0 |  1212
           D:2 |       0 |     113 |   0.0 |       0 |      24 |   0.0 |  1172
           D:3 |       0 |      33 |   0.0 |       0 |      13 |   0.0 |   403
               +---------+---------+-------+---------+---------+-------+---------
